 Dungeon Crawl Stone Soup version 0.21.0-25-ge575cb9 (webtiles) character file.

2349 Moloch the Cleaver (level 9, -1/69 HPs)
             Began as a Demonspawn Fighter on Jan 24, 2018.
             Slain by a two-headed ogre
             ... wielding a +0 giant club
              (17 damage)
             ... on level 5 of the Dungeon.
             The game lasted 00:11:20 (6607 turns).

Moloch the Cleaver (Demonspawn Fighter)             Turns: 6607, Time: 00:11:20

Health: -1/69      AC: 14    Str: 18    XL:     9   Next: 20%
Magic:  9/9        EV:  4    Int: 11    God:
Gold:   182        SH: 13    Dex: 18    Spells: 8/8 levels left

rFire    . . .     SeeInvis +   a - +0 war axe
rCold    . . .     Gourm    .   c - +0 shield
rNeg     . . .     Faith    .   r - +4 chain mail of Setotar {Str+2}
rPois    .         Spirit   .   (helmet restricted)
rElec    .         Reflect  .   x - +0 cloak
rCorr    .         Harm     .   (no gloves)
MR       .....                  (no boots)
Stlth    ..........             (no amulet)
HPRegen  0.21/turn              q - +3 ring of dexterity
MPRegen  0.11/turn              h - ring of see invisible

@: no status effects
A: antennae 1, large bone plates 1, rot immunity
a: no special abilities


You were on level 5 of the Dungeon.
You were not hungry.

You visited 1 branch of the dungeon, and saw 5 of its levels.
You also visited: Ossuary.

You collected 182 gold pieces.

Inventory:

Hand Weapons
 a - a +0 war axe (weapon)
Armour
 c - a +0 shield (worn)
 r - the +4 chain mail of Setotar (worn) {Str+2}
   (You found it on level 4 of the Dungeon)

   It affects your strength (+2).
 x - a +0 cloak (worn)
Jewellery
 h - a ring of see invisible (right hand)
 q - a +3 ring of dexterity (left hand)
Wands
 o - a wand of digging (14)
Scrolls
 e - 8 scrolls of identify {unknown}
 i - a scroll of enchant weapon {unknown}
 j - 2 scrolls of enchant armour {unknown}
 m - 5 scrolls of teleportation {unknown}
 n - a scroll of blinking {unknown}
 p - 2 scrolls of immolation {unknown}
 u - a scroll of amnesia {unknown}
 v - a scroll of remove curse {unknown}
 y - 2 scrolls of fog {unknown}
 C - a scroll of acquirement {unknown}
 E - 5 scrolls of magic mapping {unknown}
Potions
 b - a potion of invisibility {unknown}
 d - 5 potions of might
 g - a potion of degeneration {unknown}
 k - 3 potions of heal wounds {unknown}
 l - 2 potions of resistance {unknown}
 s - 4 potions of mutation {unknown}
 t - 3 potions of curing
 w - 2 potions of haste {unknown}
 z - 2 potions of lignification {unknown}
 A - a potion of cancellation {unknown}
 B - a potion of flight {unknown}
Comestibles
 f - 7 rations


   Skills:
 + Level 5.7 Fighting
 * Level 10.5 Axes
 - Level 2.6 Armour
 - Level 2.6 Shields


You had 8 spell levels left.
You didn't know any spells.

Dungeon Overview and Level Annotations

Branches:
Dungeon (5/15)
 Temple: D:4-7

Altars:
Dithmenos
Fedhas
Kikubaaqudgha


Innate Abilities, Weirdness & Mutations

You have a pair of small antennae on your head.
You are partially covered in large bone plates. (SH +4)
You are immune to rotting.


Message History

You are too injured to fight recklessly!
You barely miss the two-headed ogre.
The two-headed ogre is moderately wounded.
You block the two-headed ogre's attack.
The two-headed ogre hits you with a giant club.
You barely miss the two-headed ogre.
The two-headed ogre is moderately wounded.
The two-headed ogre hits you with a giant club!
The two-headed ogre barely misses you.
You slash the two-headed ogre!
The two-headed ogre is heavily wounded.
You hit the two-headed ogre.
The two-headed ogre is heavily wounded.
The two-headed ogre hits you with a giant club!
* * * LOW HITPOINT WARNING * * *
You block the two-headed ogre's attack.
You slash the two-headed ogre!
The two-headed ogre is almost dead.
The two-headed ogre hits you with a giant club!
You die...

###)#####.#.#.#.# #########
#.......#...#...# ........#
#####.......########## ........#
#............# # ........#
#.##.........# ## ##[.....#
#.###........# #. #......#
#............# #.
##...############..###### ##.
.'...'......>..O@...# #..
##...#######.##...#.###########.#
.O...........##...#.#...........#
###########..###....#.#####.#####
#..# ######.# #.#.# #..## #....#
#...# ########...# #.####
#.###### #..........####.#
#.#....# #.#####.........#
#.##.#.#


You could see a two-headed ogre.

Vanquished Creatures
  Pikel (D:4)
  The ghost of Moloch the Ruffian, an amateur VSFi of Cheibriados (D:4)
  Eustachio (D:4)
  Edmund (D:5)
  An ice beast (D:5)
  An orc warrior (D:4)
  3 slaves
  A phantom (D:4)
  An ogre (D:4)
  A crocodile (D:4)
  Blork the orc (D:5)
  11 scorpions
  A crimson imp (D:5)
  3 hounds (D:5)
  2 worker ants
  4 big kobold zombies (Ossuary)
  3 mummies (Ossuary)
  5 adders
  8 scorpion zombies (Ossuary)
  2 oozes
  2 adder skeletons (D:5)
  6 worms
  2 dart slugs (D:3)
  2 leopard geckos (D:4)
  4 orcs
  5 giant cockroaches
  A gnoll zombie (Ossuary)
  7 goblins
  8 hobgoblins
  2 jackals (D:2)
  3 quokkas
  2 ball pythons
  4 bats
  9 frilled lizards
  2 goblin zombies (Ossuary)
  4 hobgoblin zombies (Ossuary)
  10 kobolds
  A kobold zombie (Ossuary)
  An orc zombie (Ossuary)
  6 rats
133 creatures vanquished.

Vanquished Creatures (others)
  A slave (D:5)
  A sky beast (D:5)
  An orc (D:5)
3 creatures vanquished.

Grand Total: 136 creatures vanquished

Notes
Turn   | Place    | Note
-------+----------+-------------------------------------------
     0 | D:1      | Moloch the Demonspawn Fighter began the quest for the Orb.
     0 | D:1      | Reached XP level 1. HP: 18/18 MP: 1/1
    47 | D:1      | Reached skill level 2 in Axes
   272 | D:1      | Gained mutation: You are partially covered in large bone plates. (SH +4) [demonic ancestry]
   272 | D:1      | Reached XP level 2. HP: 24/24 MP: 2/2
   710 | D:1      | Reached XP level 3. HP: 13/29 MP: 3/3
   921 | D:1      | Reached skill level 3 in Axes
  1368 | D:2      | Reached XP level 4. HP: 35/35 MP: 4/4
  1941 | D:2      | Found an ancient bone altar of Kikubaaqudgha.
  2296 | D:3      | Reached skill level 4 in Axes
  2665 | D:4      | Noticed an ogre
  2674 | D:4      | Killed an ogre
  2674 | D:4      | Reached XP level 5. HP: 42/42 MP: 5/5
  2703 | D:4      | Noticed a slave
  2705 | D:4      | Noticed a slave
  2705 | D:4      | Noticed a slave
  2708 | D:4      | Noticed a slave
  2709 | D:4      | Noticed Pikel
  2743 | D:4      | Killed a slave
  2916 | D:4      | Killed a slave
  2963 | D:3      | Killed a slave
  3283 | D:4      | Got a twisted chain mail
  3294 | D:4      | Identified the +4 chain mail of Setotar {Str+2} (You found it on level 4 of the Dungeon)
  3303 | D:4      | Noticed an orc warrior
  3318 | D:4      | Reached skill level 5 in Axes
  3331 | D:4      | Killed an orc warrior
  3331 | D:4      | Reached XP level 6. HP: 14/48 MP: 6/6
  3594 | D:4      | Found a blossoming altar of Fedhas.
  3751 | D:4      | Reached skill level 6 in Axes
  3759 | D:4      | Noticed Eustachio
  4017 | D:4      | Killed Pikel
  4017 | D:4      | Reached skill level 7 in Axes
  4017 | D:4      | Reached XP level 7. HP: 51/55 MP: 7/7
  4029 | D:4      | Noticed Moloch's ghost (amateur VSFi)
  4042 | D:4      | Killed Moloch's ghost
  4102 | D:4      | Reached skill level 8 in Axes
  4102 | D:4      | Gained mutation: You are immune to rotting. [demonic ancestry]
  4102 | D:4      | Reached XP level 8. HP: 59/61 MP: 8/8
  4122 | D:5      | Entered Level 5 of the Dungeon
  4220 | D:5      | Found a sand-covered staircase.
  4224 | Ossuary  | Entered an ossuary
  4713 | Ossuary  | Reached skill level 5 in Fighting
  4880 | Ossuary  | Reached skill level 9 in Axes
  5417 | D:5      | Noticed Edmund
  5439 | D:5      | Killed Edmund
  5629 | D:4      | Killed Eustachio
  5629 | D:4      | Reached skill level 10 in Axes
  5629 | D:4      | Gained mutation: You have a pair of small antennae on your head. [demonic ancestry]
  5629 | D:4      | Reached XP level 9. HP: 28/68 MP: 9/9
  6032 | D:5      | Found a shadowy altar of Dithmenos.
  6040 | D:5      | Noticed Blork the orc
  6048 | D:5      | Killed Blork the orc
  6096 | D:5      | Noticed a two-headed ogre
  6607 | D:5      | Slain by a two-headed ogre

Skill      XL: |  1  2  3  4  5  6  7  8 |
---------------+-------------------------+-----
Axes           | 2 3 4 5 7 8 10 | 10.5
Fighting       | 4 5 |  5.7
Armour         | |  2.6
Shields        | |  2.6

Action                   |  1- 3 |  4- 6 |  7- 9 || total
-------------------------+-------+-------+-------++-------
Melee: War axe           |   124 |   211 |   393 ||   728
Evoke: Wand              |       |    19 |     8 ||    27
 Stab: Distracted        |       |       |     1 ||     1
  Eat: Chunk             |     2 |     8 |     6 ||    16
       Ration            |       |       |     1 ||     1
Armor: Scale mail        |    33 |    38 |       ||    71
       Chain mail        |       |    63 |   160 ||   223
Dodge: Dodged            |    35 |    39 |    47 ||   121
Block: Shield            |    86 |   170 |   241 ||   497
